Map: Jagannatha LE

Players

PureLegacy

  • Race: Terran Terran
  • League: Grandmaster

MCanning - Winner!

  • Race: Protoss Protoss

Event: DreamHack SC2 Masters 2021 Summer

VOD

Have the link to the VOD?

Description

Time

  • Played on: May 25, 2021, 4:08 p.m.
  • Length: 10:31

All games in this series

Show
View Real Time Build Order
Export as new Build Order

PureLegacy Terran 

Build Orders: Reaper Expand, Banshee Rush 

Get SALT Encoding   

  12  0:01  SCV  
  13  0:13  SCV  
  14  0:17  Supply Depot  
  14  0:25  SCV  
  15  0:39  SCV  
  15  0:41  Barracks  
  16  0:46  Refinery  
  16  0:51  SCV  
  17  1:03  SCV  
  18  1:15  SCV  
  19  1:28  Reaper  
  19  1:29  Orbital Command  
  20  1:43  Command Center  
  20  1:50  Supply Depot  
  20  1:54  SCV  
  20  2:00  Marine  
  22  2:06  SCV  
  23  2:10  Factory  
  23  2:16  Bunker  
  23  2:19  SCV  
  24  2:22  Barracks Reactor  
  24  2:26  Refinery  
  24  2:31  SCV  
  25  2:43  SCV  
  26  2:55  SCV  
  26  2:58  Orbital Command  
  27  3:01  Starport  
  27  3:05  Hellion x2  
  31  3:08  Barracks Tech Lab  
  31  3:12  SCV  
  32  3:24  SCV  
  32  3:26  Hellion  
  37  3:27  Hellion  
  37  3:29  Supply Depot  
  37  3:31  SCV  
  38  3:36  SCV  
  39  3:42  Cloaking Field  
  39  3:43  Banshee, SCV  
  43  3:50  SCV  
  43  3:52  Supply Depot  
  43  3:54  Marine x2  
  43  3:55  SCV  
  47  3:58  Factory Tech Lab  
  47  4:02  SCV  
  48  4:07  SCV  
  49  4:11  Marine  
  49  4:12  Marine  
  49  4:14  SCV  
  52  4:18  Supply Depot  
  52  4:22  Barracks, Siege Tank  
  52  4:23  Barracks  
  56  4:24  SCV  
  56  4:28  Banshee  
  56  4:30  SCV  
  60  4:35  Refinery  
  60  4:36  SCV  
  61  4:38  Marine  
  61  4:39  Marine  
  61  4:42  SCV  
  61  4:44  Supply Depot  
  62  4:48  SCV  
  62  4:51  Engineering Bay  
  63  4:54  SCV  
  61  5:00  SCV, Marine x2  
  61  5:06  SCV  
  63  5:12  SCV  
  62  5:18  SCV  
  62  5:21  Stimpack, Marine x3, Combat Shield  
  64  5:22  Marine  
  64  5:23  Starport Reactor, Factory Reactor  
  64  5:24  SCV  
  64  5:25  Supply Depot  
  68  5:31  Terran Infantry Weapons Level 1  
  68  5:32  Refinery  
  68  5:43  Marauder x2, Marine x2  
  68  5:47  Supply Depot  
  71  5:51  Command Center  
  71  5:58  SCV x2  
  71  6:00  Marine  
  71  6:01  Marine  
  75  6:04  Marauder x2  
  75  6:06  Medivac x2  
  75  6:09  Supply Depot  
  83  6:11  Widow Mine x2  
  83  6:18  SCV x2, Marine x2  
  89  6:25  Supply Depot  
  91  6:29  Marauder x2  
  92  6:33  Supply Depot  
  92  6:36  SCV x2  
  94  6:44  Marine x2  
  96  6:47  Barracks  
  96  6:48  Barracks  
  96  6:49  Widow Mine x2  
  96  6:50  Marauder  
  96  6:51  Marauder  
  104  7:00  Concussive Shells  
  101  7:01  Medivac x2  
  101  7:04  SCV x2  
  107  7:08  Marine  
  107  7:09  Marine  
  107  7:12  Marauder x2  
  113  7:16  Supply Depot  
  113  7:17  SCV x2  
  115  7:25  Terran Infantry Armor Level 1  
  111  7:33  Marauder x2  
  97  7:40  Supply Depot  
  84  7:45  Barracks Reactor, Barracks Tech Lab  
  84  7:46  Marine x2  
  84  7:48  Orbital Command  
  84  7:49  SCV x2  
  84  7:50  Medivac x2  
  88  7:55  Marauder x2  
  92  8:01  SCV  
  92  8:03  Marine  
  92  8:04  Marine  
  92  8:05  Marauder  
  95  8:09  Starport, SCV  
  95  8:11  Supply Depot  
  96  8:13  SCV  
  96  8:16  SCV, Marauder, Marine  
  101  8:21  SCV, Marine x2  
  101  8:25  SCV, Marine x2  
  101  8:27  Marauder  
  109  8:31  SCV  
  109  8:33  Refinery, SCV  
  109  8:34  Refinery, Marauder  
  113  8:36  Armory, Sensor Tower  
  113  8:37  Engineering Bay  
  113  8:38  Marauder  
  115  8:44  SCV x2  
  115  8:48  Marauder, Marine x4  
  125  8:55  Marauder  
  125  8:56  Supply Depot  
  125  9:00  Marauder  
  127  9:06  Marine x4  
  126  9:15  Marauder  
  123  9:17  Marauder  
  123  9:21  Marine  
  123  9:23  Missile Turret x2  
  123  9:24  Marine x2  
  123  9:25  Missile Turret  
  123  9:28  Marine x2  
  120  9:37  Marauder  
  114  9:38  Marauder, Marine  
  114  9:41  Marine  
  114  9:42  Marine  
  112  9:46  Marine x2  
  110  9:57  Marauder  
  110  9:58  Marine  
  110  9:59  Marauder, Marine x2  
  108  10:04  Marine x2  
Show
View Real Time Build Order
Export as new Build Order

MCanning Protoss - Winner!

Build Orders: 1 Gate Expand, Blink Stalkers 

Get SALT Encoding   

  12  0:00  Probe  
  13  0:12  Probe  
  14  0:17  Pylon  
  14  0:24  Probe  
  15  0:36  Probe (Chrono Boost), Gateway  
  16  0:46  Assimilator  
  16  0:47  Probe (Chrono Boost)  
  17  0:52  Probe (Chrono Boost)  
  18  1:03  Probe  
  19  1:15  Probe  
  20  1:25  Nexus  
  20  1:33  Cybernetics Core  
  20  1:37  Probe  
  21  1:45  Assimilator  
  21  1:49  Probe  
  22  1:56  Pylon  
  22  2:01  Probe  
  23  2:10  Probe, Warp Gate  
  23  2:11  Adept (Chrono Boost)  
  26  2:18  Probe  
  27  2:24  Twilight Council  
  27  2:28  Probe  
  27  2:36  Stalker  
  30  2:40  Probe (Chrono Boost)  
  30  2:44  Probe (Chrono Boost)  
  33  2:52  Probe (Chrono Boost)  
  33  2:55  Blink (Chrono Boost)  
  33  2:56  Probe (Chrono Boost)  
  33  2:57  Probe (Chrono Boost)  
  35  3:04  Probe  
  36  3:06  Probe  
  37  3:17  Probe, Gateway  
  37  3:18  Probe  
  39  3:20  Gateway  
  39  3:29  Probe  
  39  3:31  Probe  
  39  3:32  Robotics Facility  
  41  3:41  Probe  
  42  3:43  Probe, Pylon  
  43  3:49  Shield Battery  
  43  3:53  Probe  
  43  3:55  Probe  
  45  3:58  Shield Battery  
  45  4:02  Assimilator  
  45  4:05  Probe  
  45  4:07  Probe, Pylon  
  47  4:11  Stalker  
  47  4:15  Stalker  
  51  4:17  Probe  
  51  4:19  Probe  
  51  4:21  Observer  
  52  4:25  Pylon  
  52  4:26  Stalker  
  52  4:29  Probe  
  55  4:31  Probe  
  55  4:34  Stalker  
  55  4:36  Assimilator  
  58  4:41  Probe  
  58  4:42  Observer  
  58  4:43  Probe  
  58  4:44  Stalker  
  63  4:50  Stalker  
  65  4:52  Charge  
  65  4:53  Probe  
  66  5:02  Nexus  
  66  5:04  Probe  
  67  5:10  Probe  
  67  5:13  Observer (Chrono Boost), Gateway  
  69  5:15  Gateway  
  69  5:17  Pylon  
  69  5:18  Probe  
  70  5:23  Pylon  
  70  5:27  Robotics Bay  
  70  5:34  Pylon  
  70  5:38  Probe  
  70  5:40  Shield Battery  
  70  5:41  Stalker x2  
  74  5:48  Probe  
  75  5:57  Gateway  
  75  5:59  Forge  
  75  6:01  Sentry  
  75  6:03  Probe  
  78  6:08  Probe  
  79  6:11  Colossus (Chrono Boost)  
  79  6:12  Extended Thermal Lance (Chrono Boost)  
  79  6:15  Probe  
  86  6:22  Probe  
  86  6:24  Zealot x2  
  91  6:34  Protoss Ground Weapons Level 1 (Chrono Boost)  
  91  6:36  Probe  
  91  6:39  Photon Cannon  
  92  6:42  Pylon  
  92  6:45  Zealot  
  92  6:46  Pylon, Zealot  
  95  6:50  Colossus (Chrono Boost)  
  95  6:51  Photon Cannon  
  95  6:53  Probe  
  101  7:00  Probe  
  100  7:09  Zealot x2  
  100  7:10  Zealot  
  100  7:14  Zealot x2  
  100  7:15  Zealot  
  112  7:19  Dark Shrine  
  112  7:22  Pylon  
  112  7:23  Shield Battery  
  112  7:28  Disruptor (Chrono Boost)  
  113  7:31  Pylon  
  113  7:32  Zealot x3  
  94  7:45  Stalker x3  
  94  7:47  Probe  
  94  7:50  Forge  
  101  7:54  Probe  
  101  7:56  Probe  
  103  7:58  Assimilator  
  103  7:59  Probe  
  103  8:00  Assimilator  
  98  8:06  Probe  
  98  8:08  Probe  
  98  8:11  Probe, Disruptor (Chrono Boost)  
  101  8:16  Nexus, Robotics Facility  
  101  8:17  Pylon  
  104  8:21  Probe  
  104  8:23  Probe  
  104  8:25  Probe  
  104  8:26  Pylon  
  107  8:29  Sentry  
  109  8:38  Probe  
  109  8:39  Colossus  
  109  8:40  Probe  
  117  8:43  Dark Templar  
  117  8:45  Zealot  
  119  8:52  Dark Templar  
  121  8:58  Zealot x2  
  121  8:59  Zealot  
  125  9:07  Dark Templar  
  119  9:14  Probe  
  119  9:16  Zealot  
  114  9:22  Photon Cannon  
  112  9:24  Shield Battery  
  112  9:26  Zealot x2  
  112  9:28  Stalker  
  112  9:31  Probe  
  119  9:35  Probe  
  120  9:46  Zealot x4  
  120  9:49  Immortal  
  130  9:53  Robotics Bay  
  130  9:59  Zealot x2  
  117  10:07  Stalker x3  
  117  10:09  Zealot  
  125  10:24  Stalker x2  
Tags
 
Add a new tag
Caveats
  • Supply blocks, unpowered buildings, or Contaminate may cause inaccurate times.
  • Supply counts are checked every 10 seconds.